 Dungeon Crawl Stone Soup version 0.29-a0-23-ga79f92ac9c (webtiles) character file.

Game seed: 570140725748001641

3686 Grim the Destroyer (level 9, -1/45 HPs)
             Began as a Deep Elf Conjurer on Jan 30, 2022.
             Was a Follower of Vehumet.
             Slain by a wolf (4 damage)
             ... led by Grum
             ... on level 7 of the Dungeon.
             The game lasted 00:22:00 (9922 turns).

Grim the Destroyer (Deep Elf Conjurer)              Turns: 9922, Time: 00:22:00

Health: -1/45      AC:  7    Str:  6    XL:     9   Next: 90%
Magic:  5/15       EV: 11    Int: 26    God:    Vehumet [*.....]
Gold:   385        SH:  0    Dex: 13    Spells: 3/14 levels left

rFire   . . .      SeeInvis .   a - staff of conjuration
rCold   . . .      Faith    .   (no shield)
rNeg    . . .      Spirit   .   B - +0 troll leather armour
rPois   .          Reflect  .   v - +0 helmet
rElec   .          Harm     .   z - +0 cloak
rCorr   .          Rampage  .   x - +0 pair of gloves
Will    .....                   (no boots)
Stlth   ++........              (no amulet)
HPRegen 0.95/turn               (no ring)
MPRegen 0.14/turn               (no ring)

@: no status effects
A: no striking features
a: Renounce Religion


You were on level 7 of the Dungeon.
You worshipped Vehumet.
Vehumet was aware of your devotion.
You visited 2 branches of the dungeon, and saw 9 of its levels.
You also visited: Sewer.

You collected 385 gold pieces.

Inventory:

Hand Weapons
 b - a +0 shortbow
Missiles
 f - 23 poisoned darts
 w - 151 arrows
 F - a curare-tipped dart
Armour
 m - a +0 robe
 v - a +0 helmet (worn)
 x - a +0 pair of gloves (worn)
 z - a +0 cloak (worn)
 B - a +0 troll leather armour (worn)
Magical Staves
 a - a staff of conjuration (weapon)
Jewellery
 u - a ring of ice
Wands
 C - a wand of digging (6)
 E - a wand of flame (12)
Scrolls
 c - 2 scrolls of amnesia {unknown}
 d - 4 scrolls of identify {unknown}
 e - 5 scrolls of vulnerability {unknown}
 g - a scroll of fog {unknown}
 k - 3 scrolls of immolation {unknown}
 l - 2 scrolls of noise {unknown}
 p - 2 scrolls of teleportation {unknown}
 r - a scroll of magic mapping {unknown}
 y - a scroll of brand weapon {unknown}
 D - a scroll of torment {unknown}
Potions
 h - a potion of flight {unknown}
 i - 2 potions of mutation {unknown}
 j - 2 potions of curing {unknown}
 n - a potion of heal wounds {unknown}
 o - 3 potions of might {unknown}
 q - a potion of haste {unknown}
 s - a potion of attraction {unknown}
 t - a potion of invisibility {unknown}
 A - a potion of resistance {unknown}


   Skills:
 - Level 4.1 Staves
 - Level 4.3 Bows
 - Level 2.4 Dodging
 - Level 2.4 Stealth
 - Level 3.0 Spellcasting
 + Level 12.9 Conjurations
 + Level 8.6 Hexes


You had 3 spell levels left.
You knew the following spells:

 Your Spells              Type           Power      Damage    Failure   Level
a - Magic Dart            Conj           100%       1d8       1%          1
b - Searing Ray           Conj           100%       2d8       1%          2
c - Foxfire               Conj/Fire      100%       2x1d9     1%          1
d - Inner Flame           Hex/Fire       26%        N/A       8%          3
e - Fulminant Prism       Conj/Hex       37%        3d18      1%          4

Your spell library contained the following spells:

 Spells                   Type           Power      Damage    Failure   Level
 Freeze                   Ice            12%        1d4       14%         1
 Static Discharge         Conj/Air       54%        N/A       1%          2
 Dazzling Flash           Conj/Hex       100%       N/A       1%          3
 Conjure Flame            Conj/Fire      54%        6-21      3%          3
 Flame Wave               Conj/Fire      54%        2d11      11%         4
 Iskenderun's Mystic Bla  Conj/Tloc      54%        2d12      11%         4
 Sticky Flame             Conj/Fire      54%        2d7       11%         4
 Dispel Undead            Necr           3%         3d7       82%         4


Dungeon Overview and Level Annotations

Branches:
Dungeon (8/15)             Temple (1/1) D:5           Sewer (visited)
   Lair: D:8-11

Altars:
Ashenzari
Cheibriados
Dithmenos
Elyvilon
Fedhas
Gozag
Hepliaklqana
Kikubaaqudgha
Makhleb
Nemelex Xobeh
Qazlal
Ru
Sif Muna
Trog
Uskayaw
Vehumet
Wu Jian
Xom
Yredelemnul
Zin
The Shining One

Shops:
D:5 =[(*:   D:7 *   D:8 !

Annotations:
D:8 Grum


Message History

The wolf bites you but does no damage. The wolf bites you!
The wolf bites you but does no damage. The wolf misses you. The wolf bites you!
The wolf bites you.
You hear the loud creaking of a portcullis nearby.
Grum points his finger and growls, "Attack!"
The wolf bites you!
* * * LOW HITPOINT WARNING * * *
The wolf bites you!
* * * LOW HITPOINT WARNING * * *
The wolf bites you!
* * * LOW HITPOINT WARNING * * *
The wolf bites you.
* * * LOW HITPOINT WARNING * * *
There is a stone staircase leading up here.
Things that are here:
a +4 short sword; a +0 robe The wolf closely misses you.
The wolf bites you.
* * * LOW HITPOINT WARNING * * *
You climb upwards.
There is a stone staircase leading down here.
Casting: Magic Dart (safe; 1% risk of failure)
Confirm with . or Enter, or press ? or * to list all spells.
Aiming: Searing Ray (safe; 1% risk of failure)
Press: ? - help, Shift-Dir - straight line, f - wolf
Aim: a wolf (72% to hit)
You feel a surge of power!
The searing ray hits the wolf!
The wolf is heavily wounded. (Press . to maintain the ray.)
The wolf bites you.
* * * LOW HITPOINT WARNING * * *
The wolf barely misses you.
The searing ray hits the wolf.
The wolf is almost dead.
The wolf bites you.
* * * LOW HITPOINT WARNING * * *
The wolf bites you.
You die...

#...........# #....######.#
####....######.###
#................. ######
#...###.###.##.###
####....###...###.###.##.#
#..'....'...........#.##.#
#.##....##.h.[...........###
#.########.@................
#.# ######....#####.#.######
#.# #.......................
#.# #.####.......##.#.######
#.# #.#.......#####.#.....##
#.# #.....)...............#
#.# #.........#####.#.....#
#.# #..###..........#.....#
#.# #..)....#.#####.#.######


You could see a wolf.

Vanquished Creatures
  Prince Ribbit (D:5)
  5 yaks (D:7)
  A steam dragon (D:7)
  An acid dragon (D:8)
  A water moccasin (Sewer)
  A black bear (D:5)
  3 necrophages
  2 ogres
  2 wolves (D:8)
  3 centaurs
  2 kobold brigands
  3 bullfrogs
  2 scorpions
  A water moccasin zombie (D:6)
  7 wights
  3 howler monkeys (D:7)
  2 centaur zombies (D:7)
  A centaur skeleton (D:4)
  A jelly (D:4)
  5 hounds
  A gnoll shaman (D:5)
  An iguana (D:5)
  A scorpion zombie (D:5)
  A howler monkey skeleton (D:5)
  6 gnolls (D:5)
  5 adders
  2 ufetubi
  An adder skeleton (D:4)
  2 worms (D:4)
  A dart slug (D:5)
  21 orcs
  2 ball pythons
  7 bats
  7 endoplasms
  3 giant cockroaches
  9 goblins
  9 hobgoblins
  6 jackals
  11 kobolds
  4 quokkas
  3 frilled lizards
  6 rats
156 creatures vanquished.

Vanquished Creatures (others)
  51 foxfires
  5 fulminant prisms (D:8)
56 creatures vanquished.

Grand Total: 212 creatures vanquished

Notes
Turn   | Place    | Note
-------+----------+-------------------------------------------
     0 | D:1      | Grim the Deep Elf Conjurer began the quest for the Orb.
     0 | D:1      | Reached XP level 1. HP: 10/10 MP: 6/6
   175 | D:1      | Reached XP level 2. HP: 15/15 MP: 1/8
   302 | D:1      | Found a faded altar of an unknown god.
   323 | D:1      | Reached skill level 5 in Conjurations
   629 | D:1      | You fall into a shaft and drop 1 floor!
  1100 | D:1      | Learned a level 2 spell: Searing Ray
  1202 | D:2      | Reached XP level 3. HP: 17/19 MP: 5/9
  2192 | D:2      | Reached skill level 1 in Staves
  2206 | D:2      | Learned a level 1 spell: Foxfire
  2425 | D:3      | Noticed a necrophage
  2432 | D:3      | Killed a necrophage
  2433 | D:3      | Reached skill level 6 in Conjurations
  2433 | D:3      | Reached XP level 4. HP: 24/24 MP: 1/10
  2433 | D:3      | Reached XP level 5. HP: 28/28 MP: 1/11
  3119 | D:3      | Found a shadowy altar of Dithmenos.
  3552 | D:4      | Reached skill level 7 in Conjurations
  3889 | D:4      | Found a glowing drain.
  3917 | Sewer    | Entered a sewer
  4045 | Sewer    | Noticed a water moccasin
  4050 | Sewer    | Killed a water moccasin
  4051 | Sewer    | Reached XP level 6. HP: 25/32 MP: 5/12
  4697 | D:5      | Entered Level 5 of the Dungeon
  5002 | D:5      | Reached skill level 8 in Conjurations
  5091 | D:5      | Reached XP level 7. HP: 36/36 MP: 5/13
  5296 | D:5      | Found Fenliedd's Book Boutique.
  5379 | D:5      | Noticed Prince Ribbit
  5403 | D:5      | Killed Prince Ribbit
  5404 | D:5      | Reached skill level 9 in Conjurations
  5450 | D:5      | Found Ygoafrel's Assorted Antiques.
  5637 | D:5      | Found Sampaus's Antique Weapon Boutique.
  5890 | D:5      | Reached skill level 10 in Conjurations
  5890 | D:5      | Reached XP level 8. HP: 19/41 MP: 7/14
  6316 | D:5      | Found a staircase to the Ecumenical Temple.
  6325 | D:5      | Found Figeynirr's Armour Shoppe.
  6360 | Temple   | Entered the Ecumenical Temple
  6600 | Temple   | Became a worshipper of Vehumet
  6803 | D:5      | Found Hiotunar's Jewellery Boutique.
  6898 | D:5      | Reached skill level 1 in Bows
  8103 | D:7      | Learned a level 3 spell: Inner Flame
  8110 | D:7      | Reached skill level 11 in Conjurations
  8331 | D:7      | Reached XP level 9. HP: 17/45 MP: 4/15
  8397 | D:7      | Reached skill level 5 in Hexes
  8400 | D:7      | Reached * piety under Vehumet
  8400 | D:7      | Offered knowledge of Freeze by Vehumet.
  8715 | D:7      | Reached skill level 12 in Conjurations
  8962 | D:7      | Found Plog's Assorted Antiques.
  9558 | D:7      | Learned a level 4 spell: Fulminant Prism
  9618 | D:8      | Found Noumel's Distillery.
  9900 | D:8      | Noticed Grum
  9922 | D:7      | Slain by a wolf

Illustrated notes

Levels and vault maps discovered:
D:1:      amcnicky_arrival_feature_with_door, layout_basic,
          shapermc_ecumenical_altar_starsandcircs, minmay_tetromino_l2
D:2:      layout_basic, nrook_uturn, chequers_hall_statues_corner_a
D:3:      layout_loops_ring, mainiacjoe_overflow_24_doors, grunt_decor_cap
D:4:      layout_basic, cheibrodos_sewer_entry_drain, serial_bayou_pond_c
D:5:      layout_rooms, temple_pool_b, serial_shops, kennysheep_mini_moat,
          nicolae_shop_crystal, shop, kennysheep_little_box, shop_statue,
          minmay_bent, uniq_prince_ribbit1
D:6:      layout_basic
D:7:      layout_basic, serial_corexii_hall, corexii_hall_statues_deadend,
          corexii_hall_statues_x, corexii_hall_statues_l,
          corexii_hall_statues_s, serial_shops, nicolae_take_the_stairs
D:8:      layout_cave_pools, enter_bailey_4, serial_shops, shop,
          lightli_church_of_beogh, uniq_grum
Temple:   mainiacjoe_temple_starburst

Skill      XL: |  1  2  3  4  5  6  7  8  9 |
---------------+----------------------------+-----
Conjurations   | 5 6 7 8 10 11 12 | 12.9
Staves         | 2 3 4 |  4.1
Bows           | 4 |  4.3
Hexes          | 4 8 |  8.6
Dodging        | |  2.4
Stealth        | |  2.4
Spellcasting   | |  3.0

Action                   |  1- 3 |  4- 6 |  7- 9 || total
-------------------------+-------+-------+-------++-------
Melee: Dagger            |     7 |       |       ||     7
       Quarterstaff      |       |     2 |       ||     2
       Staff             |       |       |    23 ||    23
       Punch             |       |       |     1 ||     1
 Fire: Shortbow          |       |       |    14 ||    14
 Cast: Magic Dart        |    74 |    80 |    77 ||   231
       Searing Ray       |     3 |    12 |    32 ||    47
       Foxfire           |       |     5 |    25 ||    30
       Fulminant Prism   |       |       |     5 ||     5
Armor: Robe              |     3 |     6 |     6 ||    15
       Troll leather arm |       |       |    23 ||    23
Dodge: Dodged            |     3 |    18 |    80 ||   101

Table legend: (Time is in decaauts)
 A = Elapsed time spent in this place.
 B = Non-inter-level travel time spent in this place.
 C = Inter-level travel time spent in this place.
 D = Time resting spent in this place.
 E = Time spent auto-exploring this place.
 F = Levels seen in this place.
 G = Mean time per level.
                   A        B        C        D        E       F      G
               +--------+--------+--------+--------+--------+-----+--------+
         Total |   9953 |   9408 |    545 |   3441 |   4771 |  10 |  995.3 |
       Dungeon |   9401 |   8912 |    489 |   3309 |   4453 |   8 | 1175.1 |
        Temple |    296 |    240 |     56 |      0 |    231 |   1 |  296.0 |
         Sewer |    255 |    255 |      0 |    132 |     86 |   1 |  255.0 |
               +--------+--------+--------+--------+--------+-----+--------+

Top non-repeatable levels by time:
     D:5: 1706 daAuts
     D:4: 1526 daAuts
     D:7: 1493 daAuts
     D:1: 1172 daAuts
     D:3: 1155 daAuts
     D:2: 1115 daAuts
     D:6: 828 daAuts
     D:8: 403 daAuts
  Temple: 296 daAuts
   Sewer: 255 daAuts
